AoeStats
← Destroyer

Arabia

509540607Analyzed
3v3 RM · 4d ago on Sep 27, 2026· 30m 3s· 6 players
Game mode
Random Map
Map size
Normal (6 player)
Population
200
Speed
Normal
Resources
Standard
Victory
Conquest
Starting age
Dark Age
Ending age
Imperial Age
RankedLock teamsTeams togetherTeam positionsShared explorationLock speedFull tech treeHidden civsTurbo modeCheats
Victory
Defeat
🇪🇨 Varangians · Ecuador
1124
+19
🇪🇨 Vikings · Ecuador
1103
+20
🇪🇨 Saxons · Ecuador
1100
+20
🇵🇪 Aztecs · Peru
1201
-20
🇨🇱 Teutons · Chile
1195
-21
🇨🇴 Burmese · Colombia
1153
-18
nefelibata
4:57 Loom
8:59 Feudal Age
10:11 Double-Bit Axe
13:32 Horse Collar
21:40 Castle Age
19:45 Gold Mining
20:32 Fletching
21:32 Bloodlines
21:35 Scale Barding Armor
22:29 Forging
24:52 Bow Saw
24:47 Heavy Plow
26:34 Iron Casting
28:09 Stone Mining
28:58 Wheelbarrow
28:25 Town Watch
29:21 Chain Barding Armor
Bandido
9:05 Loom
11:22 Feudal Age
19:57 Fletching
23:20 Town Watch
micoelchico
9:40 Feudal Age
9:46 Man-at-Arms
11:55 Forging
19:09 Castle Age
17:53 Gold Mining
18:22 Horse Collar
20:04 Loom
21:48 Wheelbarrow
23:52 Sanctity
23:43 Fervor
25:08 Scale Mail Armor
25:02 Pikeman
26:20 Redemption
28:10 Chain Mail Armor
28:37 Wheelbarrow
28:32 Squires
28:18 Gambesons
Frank_alv10
5:33 Loom
9:03 Feudal Age
9:29 Double-Bit Axe
14:26 Fletching
23:23 Castle Age
21:06 Horse Collar
21:17 Gold Mining
21:29 Padded Archer Armor
23:27 Crossbowman
24:03 Bodkin Arrow
24:24 Leather Archer Armor
25:36 Bow Saw
26:03 Gold Shaft Mining
25:31 Heavy Plow
26:43 Ballistics
30:33 Imperial Age
28:07 Stone Mining
Destroyer
7:22 Loom
9:44 Feudal Age
10:25 Double-Bit Axe
10:25 Horse Collar
11:36 Bloodlines
17:43 Forging
21:14 Castle Age
21:19 Gold Mining
21:21 Stone Mining
21:18 Light Cavalry
24:15 Wheelbarrow
25:43 Scale Barding Armor
28:55 Husbandry
29:41 Chain Barding Armor
M!(ke
7:37 Loom
10:00 Feudal Age
20:41 Fletching
25:07 Castle Age
23:40 Padded Archer Armor
24:45 Horse Collar
25:29 Crossbowman
26:07 Bodkin Arrow
29:11 Leather Archer Armor
Connection lost

Rejoining the realm…

Still unreachable

The connection could not be restored.

Session expired

The server has moved on; the page needs a fresh start.